 Dungeon Crawl Stone Soup version 0.27-a0-1081-ge8a0a9c698 (webtiles) character file.

Game seed: 11757346730400936772

128 tardwrangler69 the Poker (level 5, -7/41 HPs)
             Began as a Merfolk Gladiator on Apr 25, 2021.
             Mangled by a gnoll
             ... wielding a +0 spear
              (9 damage)
             ... on level 3 of the Dungeon.
             The game lasted 00:02:10 (2477 turns).

tardwrangler69 the Poker (Merfolk Gladiator)        Turns: 2477, Time: 00:02:11

Health: -7/41      AC:  6    Str: 16    XL:     5   Next: 11%
Magic:  5/5        EV: 13    Int:  7    God:
Gold:   43         SH:  0    Dex: 15    Spells: 4/4 levels left

rFire    . . .     SeeInvis .   a - +0 trident
rCold    . . .     Faith    .   (no shield)
rNeg     . . .     Spirit   .   b - +0 leather armour
rPois    .         Reflect  .   c - +0 helmet
rElec    .         Harm     .   h - +0 cloak
rCorr    .         Rampage  .   o - +0 pair of gloves
Will     .....                  (no boots)
Stlth    +.........             (no amulet)
HPRegen  0.13/turn              (no ring)
MPRegen  0.09/turn              (no ring)

@: no status effects
A: (nimble swimmer 2), mertail
a: no special abilities


You were on level 3 of the Dungeon.
You visited 1 branch of the dungeon, and saw 3 of its levels.

You collected 43 gold pieces.

Inventory:

Hand Weapons
 a - a +0 trident (weapon)
Missiles
 d - 3 throwing nets (quivered)
Armour
 b - a +0 leather armour (worn)
 c - a +0 helmet (worn)
 h - a +0 cloak (worn)
 o - a +0 pair of gloves (worn)
Jewellery
 j - a ring of positive energy
Scrolls
 e - a scroll of acquirement {unknown}
 g - a scroll of magic mapping {unknown}
 k - 2 scrolls of identify {unknown}
Potions
 f - a potion of heal wounds {unknown}
 i - 3 potions of magic {unknown}
 l - a potion of attraction {unknown}
 m - a potion of might {unknown}
 n - a potion of resistance {unknown}
 p - a potion of lignification {unknown}


   Skills:
 + Level 3.3 Fighting
 * Level 6.6 Polearms
 - Level 2.0 Throwing
 + Level 5.0 Dodging


You had 4 spell levels left.
You didn't know any spells.
Your spell library contained the following spells:

 Spells                   Type           Power      Damage    Failure   Level
 Cause Fear               Hex            0%         N/A       99%         4
 Silence                  Hex/Air        0%         N/A       100%        5
 Yara's Violent Unravell  Hex/Tmut       0%         3d3       100%        5
 Discord                  Hex            0%         N/A       100%        8


Dungeon Overview and Level Annotations

Branches:
Dungeon (3/15)

Altars:
Wu Jian


Innate Abilities, Weirdness & Mutations

((You are quick and stealthy near water. (Stealth+, EV+, Speed+++)))
Your lower body shifts to a powerful aquatic tail in water.


Message History

The plant begins to die.
The plant is poisoned.
You hit the kobold but do no damage.
The kobold is moderately wounded.
The kobold barely misses you.
The gnoll hits the plant with a +0 halberd of venom!
The plant begins to die.
You barely miss the kobold.
The kobold is moderately wounded.
The kobold barely misses you.
The gnoll hits the plant with a +0 halberd of venom!
You hit the kobold.
The kobold is heavily wounded.
The kobold hits you but does no damage.
The gnoll hits the plant with a +0 halberd of venom!
You barely miss the kobold.
The kobold is heavily wounded.
The kobold hits you but does no damage. x2
The gnoll hits the plant with a +0 halberd of venom!
You hit the kobold.
The kobold is severely wounded.
A nearby plant withers and dies. x2; The kobold hits you with a +0 dagger.
* * * LOW HITPOINT WARNING * * *
The kobold barely misses you.
You hit the kobold.
You kill the kobold!
The kobold completely misses you.
You hit the kobold.
You kill the kobold!
Things that are here:
a +0 dagger; a kobold corpse The jackal barks!
The dart slug launches a dart at you. The slug dart hits you.
* * * LOW HITPOINT WARNING * * *
The dart slug launches a dart at you. The slug dart hits you.
* * * LOW HITPOINT WARNING * * *
You see here a +0 club.
The gnoll hits you from afar with a +0 spear!
You die...

.. ..# .#[........
##########.........#####
................>......#
....####.###............
...?###..###...........#
.....(...w..g.h.........
...≈≈≈≈≈≈≈≈≈≈≈≈g≈≈≈≈≈≈≈≈
..h≈≈≈≈≈≈≈≈≈≈≈≈≈≈≈≈≈≈≈≈≈
..g≈≈#####....).@..[.##
..g≈≈#g#g#.###)©.###.#.#
..w≈≈#...###g##### #
..g≈≈###..........
...≈≈.8#.######'####
...≈≈.##.#.⌠g#P.8 .$
...≈≈.#g.'.....©⌠ $+
...≈≈.##.#P⌠.#P.8# #
...≈≈.8 #### #'##


You could see 2 gnolls, a dart slug and a jackal.

Vanquished Creatures
  4 gnolls
  2 adders
  A dart slug (D:1)
  2 endoplasms
  5 giant cockroaches
  3 goblins
  6 hobgoblins
  7 jackals
  A quokka (D:3)
  5 ball pythons
  8 bats
  2 frilled lizards (D:1)
  10 kobolds
  9 rats
65 creatures vanquished.

Vanquished Creatures (others)
  4 plants (D:3)
4 creatures vanquished.

Grand Total: 69 creatures vanquished

Notes
Turn   | Place    | Note
-------+----------+-------------------------------------------
     0 | D:1      | tardwrangler69 the Merfolk Gladiator began the quest for
                  | the Orb.
     0 | D:1      | Reached XP level 1. HP: 16/16 MP: 1/1
   163 | D:1      | Found a faded altar of an unknown god.
   210 | D:1      | Reached XP level 2. HP: 23/23 MP: 2/2
   231 | D:1      | Reached skill level 5 in Polearms
   386 | D:1      | Reached XP level 3. HP: 18/28 MP: 3/3
  1087 | D:2      | Found an ornate altar of the Wu Jian Council.
  1473 | D:2      | Reached XP level 4. HP: 34/34 MP: 4/4
  1518 | D:2      | Reached skill level 6 in Polearms
  2231 | D:3      | Reached skill level 5 in Dodging
  2315 | D:3      | Reached XP level 5. HP: 41/41 MP: 5/5
  2474 | D:3      | HP: 1/41 [dart slug/slug dart (4)]
  2477 | D:3      | Mangled by a gnoll

Illustrated notes

Levels and vault maps discovered:
D:1:      kennysheep_arrival_forest, layout_basic,
          hellmonk_ecumenical_altar_heavens_door, minmay_surrounded
D:2:      layout_basic, st_stairs_9, kennysheep_flooded_box
D:3:      layout_basic, gammafunk_ghost_gnarly_gnolls, grunt_ministairs_10

Skill      XL: |  1  2  3  4 |
---------------+-------------+-----
Polearms       | 5 6 |  6.6
Fighting       | 3 |  3.3
Dodging        | 5 |  5.0
Throwing       | |  2.0

Action                   |  1- 3 |  4- 6 || total
-------------------------+-------+-------++-------
Melee: Trident           |   109 |    72 ||   181
       Tailslap          |       |     3 ||     3
 Stab: Sleeping          |     4 |       ||     4
       Distracted        |     1 |       ||     1
Armor: Leather armour    |    40 |    21 ||    61
Dodge: Dodged            |    53 |    68 ||   121

Table legend: (Time is in decaauts)
 A = Elapsed time spent in this place.
 B = Non-inter-level travel time spent in this place.
 C = Inter-level travel time spent in this place.
 D = Time resting spent in this place.
 E = Time spent auto-exploring this place.
 F = Levels seen in this place.
 G = Mean time per level.
                   A        B        C        D        E       F      G
               +--------+--------+--------+--------+--------+-----+--------+
         Total |   2459 |   2423 |     36 |      0 |   1955 |   3 |  819.7 |
       Dungeon |   2459 |   2423 |     36 |      0 |   1955 |   3 |  819.7 |
               +--------+--------+--------+--------+--------+-----+--------+

Top non-repeatable levels by time:
     D:1: 1406 daAuts
     D:2: 824 daAuts
     D:3: 227 daAuts
